Map: Acid Plant LE

Players

Serral - Winner!

  • Race: Zerg Zerg
  • Spawn Location: 11:00

NightEnD

  • Race: Protoss Protoss
  • Spawn Location: 5:00

Event: IEM Season 12 - Katowice

VOD

Have the link to the VOD?

Description

Time

  • Played on: Feb. 26, 2018, 9:14 a.m.
  • Length: 6:39

All games in this series

Show
View Real Time Build Order
Export as new Build Order

Serral Zerg - Winner!

Build Orders: Hatch First 

Get SALT Encoding   

  12  0:00  Drone  
  13  0:12  Overlord  
  13  0:17  Drone  
  14  0:30  Drone x2  
  16  0:48  Hatchery  
  15  0:51  Drone  
  15  0:55  Drone  
  17  1:10  Spawning Pool  
  16  1:12  Extractor  
  16  1:14  Drone  
  16  1:17  Drone  
  17  1:21  Drone  
  18  1:29  Drone  
  19  1:39  Overlord  
  19  1:52  Drone  
  20  1:56  Queen  
  20  1:59  Queen  
  20  2:00  Zergling x2  
  25  2:02  Drone  
  26  2:11  Drone  
  26  2:12  Metabolic Boost  
  26  2:15  Drone  
  28  2:21  Drone  
  28  2:22  Drone  
  30  2:38  Hatchery  
  30  2:41  Drone  
  30  2:45  Overlord  
  30  2:48  Drone  
  30  2:50  Drone  
  32  2:54  Drone x2  
  34  3:01  Queen  
  34  3:05  Overlord  
  36  3:08  Drone  
  36  3:09  Drone  
  38  3:14  Overlord  
  38  3:16  Drone  
  38  3:18  Drone  
  40  3:22  Drone  
  40  3:26  Drone  
  42  3:29  Spore Crawler  
  42  3:31  Spore Crawler  
  42  3:32  Drone  
  41  3:36  Queen  
  41  3:38  Drone  
  41  3:40  Drone  
  45  3:43  Drone x2  
  47  3:49  Lair  
  47  3:51  Drone  
  47  3:54  Drone  
  47  3:55  Drone  
  50  3:58  Overlord  
  50  3:59  Drone  
  50  4:01  Drone  
  52  4:04  Overlord  
  52  4:07  Drone  
  53  4:10  Drone x2  
  53  4:14  Extractor  
  53  4:15  Drone x2, Extractor  
  55  4:22  Drone x2  
  57  4:28  Drone x6  
  57  4:29  Extractor  
  62  4:32  Queen  
  62  4:35  Overlord  
  64  4:41  Zergling x4  
  65  4:46  Hydralisk Den  
  65  4:47  Zergling x10  
  65  4:51  Pneumatized Carapace  
  65  4:52  Drone  
  70  4:54  Overlord  
  70  4:57  Zergling x4  
  70  4:58  Zergling x2  
  73  5:04  Zergling x2  
  74  5:11  Zergling x6  
  77  5:14  Overlord  
  77  5:17  Muscular Augments  
  77  5:21  Hydralisk x5  
  77  5:27  Hydralisk  
  89  5:30  Overlord x2  
  89  5:31  Overlord  
  87  5:47  Hydralisk x5  
  94  5:57  Zergling x16  
  97  6:06  Hydralisk x3  
  97  6:11  Overlord  
  103  6:13  Hydralisk  
  103  6:18  Zergling x6  
Show
View Real Time Build Order
Export as new Build Order

NightEnD Protoss 

Build Orders: 1 Gate Expand, Oracle Opening, Phoenix Opening 

Get SALT Encoding   

  12  0:00  Probe  
  13  0:13  Probe  
  14  0:21  Pylon  
  14  0:25  Probe  
  15  0:39  Probe (Chrono Boost)  
  16  0:45  Gateway  
  16  0:48  Probe (Chrono Boost)  
  17  0:50  Assimilator  
  17  0:54  Probe  
  18  1:06  Probe  
  19  1:18  Probe  
  20  1:26  Nexus  
  20  1:30  Probe  
  21  1:39  Cybernetics Core  
  21  1:42  Probe  
  22  1:48  Assimilator  
  22  1:54  Pylon  
  22  1:56  Probe  
  23  2:12  Probe (Chrono Boost)  
  24  2:19  Stargate  
  24  2:22  Probe (Chrono Boost)  
  25  2:27  Probe (Chrono Boost)  
  26  2:32  Adept  
  26  2:33  Warp Gate  
  28  2:38  Probe (Chrono Boost)  
  28  2:43  Probe (Chrono Boost)  
  30  2:48  Probe (Chrono Boost)  
  32  2:52  Probe (Chrono Boost)  
  32  2:53  Probe (Chrono Boost)  
  33  2:59  Adept  
  33  3:01  Oracle (Chrono Boost)  
  33  3:04  Probe (Chrono Boost)  
  39  3:09  Probe (Chrono Boost)  
  40  3:13  Pylon  
  40  3:16  Gateway  
  40  3:19  Probe (Chrono Boost)  
  42  3:20  Probe (Chrono Boost)  
  42  3:24  Probe (Chrono Boost)  
  43  3:28  Probe  
  43  3:30  Phoenix (Chrono Boost)  
  46  3:35  Probe  
  46  3:40  Probe, Gateway  
  48  3:44  Assimilator  
  48  3:47  Probe  
  48  3:48  Assimilator  
  52  3:56  Probe  
  52  4:00  Probe, Pylon  
  54  4:10  Robotics Facility  
  54  4:11  Probe  
  54  4:12  Probe  
  54  4:16  Pylon  
  53  4:22  Oracle  
  53  4:23  Probe  
  57  4:25  Probe  
  58  4:35  Probe  
  58  4:37  Probe  
  60  4:42  Zealot  
  60  4:45  Nexus  
  62  4:46  Pylon  
  62  4:47  Probe  
  62  4:49  Probe  
  62  4:52  Twilight Council  
  64  4:59  Probe, Pylon, Observer (Chrono Boost)  
  66  5:01  Probe  
  67  5:11  Probe, Robotics Facility  
  67  5:13  Probe, Assimilator  
  69  5:14  Immortal (Chrono Boost)  
  69  5:19  Assimilator  
  73  5:24  Probe  
  73  5:25  Probe  
  75  5:29  Templar Archives  
  75  5:36  Probe  
  75  5:37  Probe  
  75  5:45  Zealot  
  75  5:48  Probe  
  75  5:49  Zealot  
  73  5:50  Zealot  
  73  5:51  Probe  
  75  5:58  Probe (Chrono Boost)  
  75  6:00  Probe (Chrono Boost)  
  75  6:03  Probe (Chrono Boost)  
  75  6:10  Probe (Chrono Boost)  
  77  6:12  Probe (Chrono Boost)  
  77  6:14  Probe (Chrono Boost)  
  80  6:24  Adept x2  
  90  6:29  Adept  

Tags
 
Add a new tag
Caveats
  • Supply blocks, unpowered buildings, or Contaminate may cause inaccurate times.
  • Supply counts are checked every 10 seconds.